 Dungeon Crawl Stone Soup version 0.16-a0-691-g21e4870 (webtiles) character file.

36 RobertPalmer the Sneak (level 3, 0/24 HPs)
             Began as an Octopode Assassin on Sept 19, 2014.
             Slain by an adder (4 damage)
             ... on Level 1 of the Dungeon.
             The game lasted 00:02:02 (1388 turns).

RobertPalmer the Sneak (Octopode Assassin)          Turns: 1388, Time: 00:02:02

HP   0/24        AC  1     Str 10      XL: 3   Next: 37%
MP   3/3         EV 12     Int 13      God:
Gold 58          SH  0     Dex 14      Spells:  0 memorised,  2 levels left

rFire  . . .     SeeInvis .     b - +0 blowgun
rCold  . . .     Clarity  .     (no shield)
rNeg   . . .     rCorr    .     (helmet restricted)
rPois  .         rRot     .     (no amulet)
rElec  .         Spirit   .     (no ring)
SustAb .         Warding  .     (no ring)
rMut   .         Stasis   .     (no ring)
Gourm  .                        (no ring)
MR     .....                    (no ring)
                                (no ring)
                                (no ring)
                                (no ring)

@: lethally poisoned, not resistant to hostile enchantments, quite stealthy
A: almost no armour, amphibious, 8 rings, constrict 8, camouflage 1, gelatinous
body 1
a: no special abilities


You were on level 1 of the Dungeon.
You were not hungry.

You visited 1 branch of the dungeon, and saw 2 of its levels.

You collected 58 gold pieces.


Innate Abilities, Weirdness & Mutations

You cannot wear most types of armour.
You are amphibious.
You can wear up to eight rings at the same time.
You can use your tentacles to constrict many enemies at once.
Your skin changes colour to match your surroundings (Stealth).
Your rubbery body absorbs attacks (AC +1).


   Skills:
 - Level 2.0 Fighting
 - Level 2.0 Short Blades
 - Level 2.0 Throwing
 - Level 1.0 Dodging
 + Level 7.0 Stealth


You had 2 spell levels left.
You didn't know any spells.

Inventory:

Hand weapons
 a - a +2 dagger
 b - a +0 blowgun (weapon)
Missiles
 d - 2 stones
 e - 4 poisoned needles (quivered)
 f - 2 curare-tipped needles
Comestibles
 g - 2 bread rations
Scrolls
 h - a scroll of immolation {unknown}
 i - a scroll of magic mapping {unknown}
 k - 4 scrolls of remove curse {unknown}
 l - a scroll of random uselessness {unknown}
Potions
 c - a potion of agility {unknown}
 j - a potion of magic {unknown}
 m - a potion of curing {unknown}

Dungeon Overview and Level Annotations

Branches:
Dungeon (2/15)

Altars:

...........##..#.#..####........#
...........##..#.#..# #....%...#
###.......###..#.#..####.........
.........................##.....#
###.#.###.###................#..#
......###....(..[.........(......
###.................####........#
#.#########..S.#...........##.#
#.# #..#@...####..#...... #.#
#..###..# #..#.###.# #.# #..#
#.(# #..#.# #.# #.# #..# #..#
#..#.# #.. #.# #.## #..# #..#.#
#.. #.# #.# #..# #..#.# #.# ###.#
#.# #..# ##.#.# #.#
..###########.####.(#####.#.# #.#
......................).....# #..


You could see an adder.


Message History

There is a stone staircase leading down here.
b - a +0 blowgun (weapon)
The adder closely misses you.
Firing (i - inventory. (,) - cycle):
e - 8 poisoned needles (quivered)
Aim: an adder (lightly wounded)
You shoot a poisoned needle. The poisoned needle misses the adder.
The adder bites you.
You are poisoned.
The adder poisons you!
Firing (i - inventory. (,) - cycle):
e - 7 poisoned needles (quivered)
Aim: an adder (lightly wounded)
You shoot a poisoned needle.
The poisoned needle closely misses the adder.
You feel sick. The adder bites you.
* * * LOW HITPOINT WARNING * * *
Firing (i - inventory. (,) - cycle):
e - 6 poisoned needles (quivered)
Aim: an adder (lightly wounded)
You shoot a poisoned needle. The poisoned needle hits the adder!
The adder is poisoned.
The adder is lightly wounded.
The adder misses you.
Firing (i - inventory. (,) - cycle):
e - 5 poisoned needles (quivered)
Aim: an adder (lightly wounded, poisoned)
You shoot a poisoned needle.
The poisoned needle closely misses the adder.
You feel sick. The adder bites you.
* * * LOW HITPOINT WARNING * * *
You are lethally poisoned!
The adder poisons you! The adder bites you.
You die...

Action                   || total
-------------------------++-------
Melee: Dagger            ||    47
 Fire: Blowgun           ||     4
Throw: Stone             ||     1
 Stab: Sleeping          ||    10
  Eat: Chunk             ||     1

Vault maps used:
D:1:      ncdulo_smallfort
D:2:      lemuel_round_altar, eino_curves_02, uniq_jessica

Notes
Turn   | Place    | Note
--------------------------------------------------------------
     0 | D:1      | RobertPalmer, the Octopode Assassin, began the quest for the Orb.
     0 | D:1      | Reached XP level 1. HP: 14/14 MP: 1/1
   309 | D:1      | Reached skill level 6 in Stealth
   309 | D:1      | Reached XP level 2. HP: 10/19 MP: 2/2
  1043 | D:1      | Reached XP level 3. HP: 16/24 MP: 3/3
  1351 | D:2      | Reached skill level 7 in Stealth
  1388 | D:1      | Slain by an adder

Vanquished Creatures
  An adder (D:2)
  An ooze (D:1)
  A giant cockroach (D:1)
  4 goblins (D:1)
  2 hobgoblins (D:1)
  2 jackals (D:1)
  6 kobolds (D:1)
  A bat (D:1)
  2 giant newts (D:1)
  6 rats
26 creatures vanquished.
